 Dungeon Crawl Stone Soup version 0.19.5 (webtiles) character file.

39 McKennaii the Skirmisher (level 3, -3/29 HPs)
             Began as a Demonspawn Abyssal Knight on May 1, 2017.
             Was a Follower of Lugonu.
             Slain by a worm (6 damage)
             ... on level 2 of the Dungeon.
             The game lasted 00:02:12 (882 turns).

McKennaii the Skirmisher (Demonspawn Abyssal Knight) Turns: 882, Time: 00:02:13

Health: -3/29      AC: 10    Str: 12    XL:     3   Next: 28%
Magic:  4/4        EV:  3    Int: 13    God:    Lugonu [*.....]
Gold:   98         SH:  0    Dex: 13    Spells: 0 memorised, 2 levels left

rFire  . . .     SeeInvis .     a - +1 falchion
rCold  . . .     Gourm    .     k - +0 plate armour
rNeg   . . .     Faith    .     (no shield)
rPois  .         Spirit   .     g - +0 hat
rElec  .         Reflect  .     (no cloak)
rCorr  .         Harm     .     (no gloves)
MR     .....                    (no boots)
Stlth  ..........               (no amulet)
                                (no ring)
                                (no ring)

@: no status effects
A: horns 1, spiny 1
a: Depart the Abyss, Renounce Religion


You were on level 2 of the Dungeon.
You worshipped Lugonu.
Lugonu was aware of your devotion.
You were not hungry.

You visited 1 branch of the dungeon, and saw 2 of its levels.
You visited the Abyss 1 time.

You collected 98 gold pieces.

Inventory:

Hand Weapons
 a - a +1 falchion (weapon)
Armour
 g - a +0 hat (worn)
 k - a +0 plate armour (worn)
Scrolls
 b - a scroll of teleportation {unknown}
 d - a scroll of recharging {unknown}
 i - a scroll of fog {unknown}
Potions
 e - a potion of heal wounds {unknown}
 h - a potion of curing {unknown}
 j - 2 potions of berserk rage {unknown}
Comestibles
 c - 2 bread rations
 f - a meat ration
 l - a chunk of flesh


   Skills:
 + Level 3.4 Fighting
 + Level 2.4 Long Blades
 + Level 2.1 Armour
 + Level 1.1 Dodging
 + Level 0.2 Stealth
 + Level 2.6 Invocations


You had 2 spell levels left.
You didn't know any spells.

Dungeon Overview and Level Annotations

Branches:
Dungeon (2/15)

Altars:
Dithmenos


Innate Abilities, Weirdness & Mutations

You have a pair of small horns on your head.
You are partially covered in sharp spines.


Message History

You hit the worm.
You headbutt the worm, but do no damage.
The worm is moderately wounded.
Your plate armour prevents you from hitting the worm.
The worm is moderately wounded.
The worm completely misses you.
You riposte.
You hit the worm.
The worm is heavily wounded.
You hit the worm but do no damage. You headbutt the worm.
The worm is severely wounded.
The worm bites you but does no damage.
You hit the worm. Your headbutt misses the worm.
The worm is severely wounded.
Your plate armour prevents you from hitting the worm.
The worm is severely wounded.
The worm bites you.
* * * LOW HITPOINT WARNING * * *
You hit the worm.
The worm is severely wounded.
The worm is struck by your spines. The worm bites you.
You die...

######.########.##†.†.#
#.# #.##....† #.#
#.##..... #.# #.##.....
#.# #.##..... #.#
#.##..... #%# #.##.#..#
#.# #..#.## #@# #.##..#
#w# .. #.# #. #.# #.
#)# .. #.# . #.# .. #.#
## #


You could see a worm.

Vanquished Creatures
  An adder (D:2)
  A worm (D:2)
  2 dart slugs
  3 leopard geckos
  2 giant cockroaches (D:1)
  A goblin (D:1)
  2 hobgoblins (D:1)
  2 bats
  3 frilled lizards
  4 kobolds
  3 rats
24 creatures vanquished.

Notes
Turn   | Place    | Note
-------+----------+-------------------------------------------
     0 | Abyss:1  | McKennaii the Demonspawn Abyssal Knight began the quest for the Orb.
     0 | Abyss:1  | Reached XP level 1. HP: 18/18 MP: 2/2
    57 | Abyss:2  | Noticed a bone dragon
    70 | D:1      | Escaped the Abyss
   100 | D:1      | Reached * piety under Lugonu
   184 | D:1      | Gained mutation: You are partially covered in sharp spines. [demonic ancestry]
   184 | D:1      | Reached XP level 2. HP: 8/24 MP: 3/3
   801 | D:2      | Found a shadowy altar of Dithmenos.
   816 | D:2      | Reached skill level 1 in Dodging
   819 | D:2      | Gained mutation: You have a pair of small horns on your head. [demonic ancestry]
   819 | D:2      | Reached XP level 3. HP: 23/29 MP: 4/4
   882 | D:2      | Slain by a worm

Skill      XL: |  1  2 |
---------------+-------+-----
Long Blades    | 2 |  2.4
Armour         | 2 |  2.1
Dodging        | 1 |  1.1
Fighting       | |  3.4
Stealth        | |  0.2
Invocations    | |  2.6

Action                   || total
-------------------------++-------
Melee: Falchion          ||    63
       Headbutt          ||     5
Invok: Depart the Abyss  ||     1
Armor: Leather armour    ||     7
       Plate armour      ||    15
Dodge: Dodged            ||    31
       Rpst.: Falchion   ||    10
